 Dungeon Crawl Stone Soup version 0.19-a0-816-geccf914 (webtiles) character file.

237 Ordine the Insei (level 6, 7/43 HPs)
             Began as an Octopode Monk on June 29, 2016.
             Quit the game on level 4 of the Dungeon.
             The game lasted 00:06:40 (3692 turns).

Ordine the Insei (Octopode Monk)                    Turns: 3692, Time: 00:06:41

Health: 7/43       AC:  1    Str: 10    XL:     6   Next: 6%
Magic:  6/6        EV: 14    Int: 14    God:
Gold:   117        SH:  0    Dex: 15    Spells: 0 memorised, 5 levels left

rFire  . . .     SeeInvis .       - Unarmed
rCold  . . .     Gourm    .     (no shield)
rNeg   . . .     Faith    .     (helmet restricted)
rPois  .         Spirit   .     (no amulet)
rElec  .         Dismiss  .     (no ring)
rCorr  .         Reflect  .     (no ring)
SustAt .         Harm     .     (no ring)
MR     .....                    (no ring)
Stlth  ++++......               (no ring)
                                (no ring)
                                (no ring)
                                (no ring)

@: mildly poisoned (7 -> 7), not resistant to hostile enchantments, stealthy
A: almost no armour, amphibious, 8 rings, constrict 8, camouflage 1, gelatinous
body 1
a: no special abilities


You were on level 4 of the Dungeon.
You were hungry.

You visited 1 branch of the dungeon, and saw 4 of its levels.

You collected 117 gold pieces.

Inventory:

Missiles
 c - 33 stones (quivered)
Wands
 e - a wand of iceblast (4/15)
Scrolls
 d - a scroll of magic mapping
Comestibles
 a - 6 bread rations


   Skills:
 + Level 3.9 Fighting
 + Level 4.0 Dodging
 + Level 4.3 Stealth
 * Level 4.7 Unarmed Combat


You had 5 spell levels left.
You didn't know any spells.

Dungeon Overview and Level Annotations

Branches:
Dungeon (4/15)
 Temple: D:4-7

Altars:
Qazlal

Annotations:
D:4 runewalsh's ghost, amateur OpTm


Innate Abilities, Weirdness & Mutations

You cannot wear most types of armour.
You are amphibious.
You can wear up to eight rings at the same time.
You can use your tentacles to constrict eight enemies at once.
Your skin changes colour to match your surroundings (Stealth+).
Your rubbery body absorbs attacks. (AC +1)


Message History

Unknown command.
The centaur skeleton misses you.
You feel sick. The centaur skeleton hits you.
You feel sick. The centaur skeleton hits you.
* * * LOW HITPOINT WARNING * * *
Evoke which item? (* to show all) (? for menu, Esc to quit)
Zapping:
e - a wand of iceblast (5/15)
Press: ? - help, Shift-Dir - straight line, p - runewalsh's ghost The mass of ice explodes!
The iceblast engulfs runewalsh's ghost.
Runewalsh's ghost partially resists.
Runewalsh's ghost is lightly damaged.
The iceblast engulfs the centaur skeleton.
The centaur skeleton partially resists.
This wand has 4 charges left.
You feel sick. The centaur skeleton hits you.
* * * LOW HITPOINT WARNING * * *
Quiver which item? (- for none, * to show all) (? for menu, Esc to quit)
Okay, then.
Are you sure you want to abandon this character and quit the game? (Confirm with "yes".)

..... #..# ####
##.# #.# #.# ##.##
#...# #######
#...# ......#
#WZ.# ......#
#.@.# ......#
#...# ......##
#...# .......##
#...# ..<.....#
#...# ......#.###
###.##
......#...####...#
......###........#
......# #####....#


You could see runewalsh's ghost and a centaur skeleton.

Vanquished Creatures
  The ghost of Duskembrace the Conjurer, an amateur DEWz (D:3)
  A scorpion (D:4)
  5 adders
  An ooze (D:1)
  A dart slug (D:3)
  4 worms
  3 giant geckos
  An orc (D:4)
  2 ball pythons (D:2)
  8 bats
  5 giant cockroaches
  5 hobgoblins
  3 jackals (D:2)
  A quokka (D:3)
  5 giant newts
  3 goblins
  6 kobolds
  6 rats
61 creatures vanquished.

Notes
Turn   | Place    | Note
--------------------------------------------------------------
     0 | D:1      | Ordine the Octopode Monk began the quest for the Orb.
     0 | D:1      | Reached XP level 1. HP: 16/16 MP: 1/1
   512 | D:1      | Reached XP level 2. HP: 19/21 MP: 2/2
  1091 | D:2      | Reached XP level 3. HP: 26/26 MP: 3/3
  1348 | D:2      | You fall through a shaft!
  2418 | D:2      | Reached XP level 4. HP: 11/31 MP: 4/4
  2793 | D:3      | Noticed Duskembrace's ghost (amateur DEWz)
  2823 | D:3      | Killed Duskembrace's ghost
  2823 | D:3      | Reached XP level 5. HP: 20/36 MP: 5/5
  2937 | D:3      | Found a stormy altar of Qazlal.
  3408 | D:4      | Reached XP level 6. HP: 22/43 MP: 6/6
  3675 | D:4      | Noticed runewalsh's ghost (amateur OpTm)
  3692 | D:4      | Quit the game

Vault maps used:
D:1:      minmay_arrival_arboretum_small, hex_tiny, minmay_liquid_box,
          grunt_decor_clamped
D:2:      first_bread, serial_co_window_serial, co_window_paths_a,
          co_window_corner_a, co_window_paths_b, co_window_corner_a,
          co_window_corner_a, co_window_of_opportunity_c, co_window_paths_c,
          co_window_2corner, co_window_4corner_a, glass_columns_c,
          glass_columns_a, glass_columns_c
D:3:      grunt_qazlal_clouds

Skill      XL: |  1  2  3  4  5 |
---------------+----------------+-----
Stealth        | 3 4 |  4.3
Unarmed Combat | 4 |  4.7
Dodging        | 4 |  4.0
Fighting       | |  3.9

Action                   |  1- 3 |  4- 6 || total
-------------------------+-------+-------++-------
Melee: Unarmed           |    83 |    61 ||   144
       Constrict         |    23 |    15 ||    38
       Tentacles         |    13 |    16 ||    29
       Punch             |     1 |     3 ||     4
Evoke: Wand              |       |     2 ||     2
  Use: Scroll            |    10 |     1 ||    11
       Potion            |       |     4 ||     4
 Stab: Sleeping          |    14 |     4 ||    18
  Eat: Chunk             |     5 |     3 ||     8
Armor: Skin              |     4 |     4 ||     8
Dodge: Dodged            |    44 |    32 ||    76
